TOP OF THE 1ST |
Louisville Bats batting - Pitching for Oklahoma City Dodgers : RHP Jean-Michel Hamon
|
Pitching: RHP Jean-Michel Hamon
|
|
Batting: SHB Paul Sandoval
|
0-0: Ball 1-0: Bunt missed! 1-1: Fly out, F8 (Flyball, 8RM, EV 80.6 MPH)
|
Batting: RHB Bruno André
|
0-0: Called Strike 0-1: Foul Ball, location: 2F 0-2: Ball 1-2: Ground out 5-3 (Groundball, 5S, EV 93.1 MPH)
|
Batting: RHB Fred Slade
|
0-0: Swinging Strike 0-1: Ground out 6-3 (Groundball, 6, EV 103.1 MPH)
|
Top of the 1st over - 0 runs, 0 hits, 0 errors, 0 left on base; Louisville 0 - Oklahoma City 0 |
BOTTOM OF THE 1ST |
Oklahoma City Dodgers batting - Pitching for Louisville Bats : RHP Chris Galo
|
Pitching: RHP Chris Galo
|
|
Batting: RHB Curt Earnest
|
0-0: Swinging Strike 0-1: Ball 1-1: Swinging Strike 1-2: Ball 2-2: Strikes out looking
|
Batting: RHB Theo Schepers
|
0-0: Called Strike 0-1: Ball 1-1: Hit by Pitch
|
Batting: LHB Jose Robles
|
0-0: SINGLE (Groundball, 3D, EV 111.2 MPH) Theo Schepers to second Runner from 2nd tries for 3rd, SAFE, throw by RF made to third
|
Batting: LHB Steve Pond
|
0-0: Ball 1-0: Ball 2-0: Ball 3-0: Fly out, F7 (Flyball, 7D, EV 108.8 MPH) Runner from 3rd tags up, SCORES, no throw by LF
|
Batting: LHB Chris Fandino
|
0-0: Called Strike 0-1: Ball 1-1: Ball 2-1: Ball 3-1: Base on Balls Jose Robles to second
|
Batting: RHB Jeremy Giesler
|
0-0: Ball 1-0: Fly out, F7 (Flyball, 7D, EV 100.6 MPH)
|
Bottom of the 1st over - 1 run, 1 hit, 0 errors, 2 left on base; Louisville 0 - Oklahoma City 1 |
TOP OF THE 2ND |
Louisville Bats batting - Pitching for Oklahoma City Dodgers : RHP Jean-Michel Hamon
|
Batting: RHB Mike Alm
|
0-0: Called Strike 0-1: Ball 1-1: Ball 2-1: Fly out, F8 (Flyball, 8RD, EV 85.6 MPH)
|
Batting: SHB Freddie Farrar
|
0-0: Called Strike 0-1: Called Strike 0-2: Ball 1-2: DOUBLE (Groundball, 3L, EV 96.9 MPH)
|
Batting: RHB Won-jun Park
|
0-0: Swinging Strike 0-1: Swinging Strike 0-2: Foul Ball, location: 2F 0-2: Foul Ball, location: 2F 0-2: Strikes out swinging
|
Batting: RHB Danny Real
|
0-0: Ball 1-0: Ball 2-0: Swinging Strike 2-1: Called Strike 2-2: Strikes out swinging
|
Top of the 2nd over - 0 runs, 1 hit, 0 errors, 1 left on base; Louisville 0 - Oklahoma City 1 |
BOTTOM OF THE 2ND |
Oklahoma City Dodgers batting - Pitching for Louisville Bats : RHP Chris Galo
|
Batting: RHB T.J. Jordan
|
0-0: Ball 1-0: Called Strike 1-1: Ball 2-1: Ground out 6-3 (Groundball, 6, EV 83.1 MPH)
|
Batting: LHB Darrell Ortega
|
0-0: Ball 1-0: Swinging Strike 1-1: Swinging Strike 1-2: Strikes out swinging
|
Batting: RHB Carlos Talavera
|
0-0: Ball 1-0: Called Strike 1-1: Ball 2-1: Ball 3-1: Fly out, F6 (Popup, 6MS, EV 80.6 MPH)
|
Bottom of the 2nd over - 0 runs, 0 hits, 0 errors, 0 left on base; Louisville 0 - Oklahoma City 1 |
TOP OF THE 3RD |
Louisville Bats batting - Pitching for Oklahoma City Dodgers : RHP Jean-Michel Hamon
|
Batting: RHB Pedro Pinero
|
0-0: Ball 1-0: Called Strike 1-1: Fly out, F6 (Line Drive, 6M, EV 65.6 MPH)
|
Batting: RHB Colin Lord
|
0-0: Fly out, F9 (Line Drive, 89M, EV 84.4 MPH)
|
Batting: SHB Paul Sandoval
|
0-0: Ball 1-0: Ground out 4-3 (Groundball, 4, EV 82.5 MPH)
|
Top of the 3rd over - 0 runs, 0 hits, 0 errors, 0 left on base; Louisville 0 - Oklahoma City 1 |
BOTTOM OF THE 3RD |
Oklahoma City Dodgers batting - Pitching for Louisville Bats : RHP Chris Galo
|
Batting: RHB Curt Earnest
|
0-0: Called Strike 0-1: Ball 1-1: Swinging Strike 1-2: Ball 2-2: Ball 3-2: Foul Ball, location: 2F 3-2: Base on Balls
|
Batting: RHB Theo Schepers
|
0-0: Swinging Strike 0-1: Foul Ball, location: 2F 0-2: Ball 1-2: Strikes out swinging
|
Batting: LHB Jose Robles
|
0-0: Ball 1-0: Swinging Strike 1-1: Ball 2-1: Called Strike 2-2: Strikes out swinging
|
Batting: LHB Steve Pond
|
0-0: Fly out, F8 (Flyball, 89M, EV 90.0 MPH)
|
Bottom of the 3rd over - 0 runs, 0 hits, 0 errors, 1 left on base; Louisville 0 - Oklahoma City 1 |
TOP OF THE 4TH |
Louisville Bats batting - Pitching for Oklahoma City Dodgers : RHP Jean-Michel Hamon
|
Batting: RHB Bruno André
|
0-0: SINGLE (Line Drive, 9S, EV 111.2 MPH)
|
Batting: RHB Fred Slade
|
0-0: Foul Ball, location: 2F 0-1: Ball 1-1: Foul Ball, location: 2F 1-2: Fly out, F6 (Line Drive, 6, EV 66.9 MPH)
|
Batting: RHB Mike Alm
|
0-0: Ball 1-0: Called Strike 1-1: Ball 2-1: Called Strike 2-2: Fly out, F8 (Line Drive, 8LM, EV 94.4 MPH)
|
Batting: SHB Freddie Farrar
|
0-0: Ball 1-0: Ground out 4-3 (Groundball, 13, EV 86.2 MPH)
|
Top of the 4th over - 0 runs, 1 hit, 0 errors, 1 left on base; Louisville 0 - Oklahoma City 1 |
BOTTOM OF THE 4TH |
Oklahoma City Dodgers batting - Pitching for Louisville Bats : RHP Chris Galo
|
Batting: LHB Chris Fandino
|
0-0: Ball 1-0: Ball 2-0: Fly out, F9 (Flyball, 89M, EV 91.2 MPH)
|
Batting: RHB Jeremy Giesler
|
0-0: Swinging Strike 0-1: Ball 1-1: Swinging Strike 1-2: Strikes out swinging
|
Batting: RHB T.J. Jordan
|
0-0: Ball 1-0: Ball 2-0: Called Strike 2-1: Called Strike 2-2: Ground out 6-3 (Groundball, 6, EV 101.9 MPH)
|
Bottom of the 4th over - 0 runs, 0 hits, 0 errors, 0 left on base; Louisville 0 - Oklahoma City 1 |
TOP OF THE 5TH |
Louisville Bats batting - Pitching for Oklahoma City Dodgers : RHP Jean-Michel Hamon
|
Batting: RHB Won-jun Park
|
0-0: Ball 1-0: Called Strike 1-1: Ball 2-1: Ball 3-1: Swinging Strike 3-2: Foul Ball, location: 2F 3-2: Foul Ball, location: 2F 3-2: Foul Ball, location: 2F 3-2: Base on Balls
|
Batting: RHB Danny Real
|
0-0: Foul Ball, location: 2F 0-1: Called Strike 0-2: Ball 1-2: Strikes out swinging
|
Batting: RHB Pedro Pinero
|
0-0: Called Strike 0-1: SINGLE (Groundball, 56D, EV 105.6 MPH) Won-jun Park to second
|
Batting: RHB Colin Lord
|
0-0: Ball 1-0: Swinging Strike 1-1: Ball 2-1: Foul Ball, location: 2F 2-2: SINGLE (Flyball, 7LS, EV 86.9 MPH) Won-jun Park to third Pedro Pinero to second Runner from 3rd tries for Home, SAFE, throw by LF to home
|
Batting: SHB Paul Sandoval
|
0-0: Ball 1-0: Called Strike 1-1: Foul Ball, location: 2F 1-2: Fielders Choice at 2nd, 6-4 (Groundball, 6, EV 86.2 MPH) Pedro Pinero to third
|
Batting: RHB Bruno André
|
0-0: Ball 1-0: Ball 2-0: Ball 3-0: Called Strike 3-1: Called Strike 3-2: Strikes out swinging
|
Top of the 5th over - 1 run, 2 hits, 0 errors, 2 left on base; Louisville 1 - Oklahoma City 1 |
BOTTOM OF THE 5TH |
Oklahoma City Dodgers batting - Pitching for Louisville Bats : RHP Chris Galo
|
Batting: LHB Darrell Ortega
|
0-0: Called Strike 0-1: Ball 1-1: Ball 2-1: Foul Ball, location: 2F 2-2: Foul Ball, location: 2F 2-2: Ground out 1-3 (Groundball, 13, EV 62.5 MPH)
|
Batting: RHB Carlos Talavera
|
0-0: Ground out U3 (Groundball, 34, EV 87.5 MPH)
|
Batting: RHB Curt Earnest
|
0-0: Ball 1-0: Called Strike 1-1: Foul Ball, location: 2F 1-2: Ball 2-2: Strikes out swinging
|
Bottom of the 5th over - 0 runs, 0 hits, 0 errors, 0 left on base; Louisville 1 - Oklahoma City 1 |
TOP OF THE 6TH |
Louisville Bats batting - Pitching for Oklahoma City Dodgers : RHP Jean-Michel Hamon
|
Batting: RHB Fred Slade
|
0-0: Fly out, F9 (Flyball, 9LM, EV 86.2 MPH)
|
Batting: RHB Mike Alm
|
0-0: Foul Ball, location: 2F 0-1: Foul Ball, location: 2F 0-2: Ball 1-2: Ground out 5-3 (Groundball, 56, EV 110.0 MPH)
|
Batting: SHB Freddie Farrar
|
0-0: Called Strike 0-1: Fly out, F8 (Flyball, 8LM, EV 81.9 MPH)
|
Top of the 6th over - 0 runs, 0 hits, 0 errors, 0 left on base; Louisville 1 - Oklahoma City 1 |
BOTTOM OF THE 6TH |
Oklahoma City Dodgers batting - Pitching for Louisville Bats : RHP Chris Galo
|
Batting: RHB Theo Schepers
|
0-0: Swinging Strike 0-1: Fly out, F9 (Line Drive, 9, EV 94.4 MPH)
|
Batting: LHB Jose Robles
|
0-0: Called Strike 0-1: Ball 1-1: Foul Ball, location: 2F 1-2: Ground out 4-3 (Groundball, 4, EV 101.9 MPH)
|
Batting: LHB Steve Pond
|
0-0: Ball 1-0: Swinging Strike 1-1: SINGLE (Groundball, 6MD, EV 105.6 MPH)
|
Pinch Runner at 1st Wing-kit Bu:
|
|
Batting: LHB Chris Fandino
|
0-0: Foul Ball, location: 2F 0-1: Ball 1-1: Foul Ball, location: 2F 1-2: Foul Ball, location: 2F 1-2: Foul Ball, location: 2F 1-2: Ball Wing-kit Bu steals 2nd base 2-2: Foul Ball, location: 2F 2-2: Fly out, F3 (Popup, 34, EV 66.2 MPH)
|
Bottom of the 6th over - 0 runs, 1 hit, 0 errors, 1 left on base; Louisville 1 - Oklahoma City 1 |
TOP OF THE 7TH |
Louisville Bats batting - Pitching for Oklahoma City Dodgers : RHP Jean-Michel Hamon
|
Now in LF: Wing-kit Bu
|
|
Batting: RHB Won-jun Park
|
0-0: Called Strike 0-1: Foul Ball, location: 2F 0-2: SINGLE (Groundball, 56S, EV 73.8 MPH) (infield hit)
|
Batting: RHB Danny Real
|
0-0: Called Strike 0-1: Fly out, F3 (Popup, 34S, EV 85.6 MPH)
|
Batting: RHB Pedro Pinero
|
0-0: Called Strike 0-1: Swinging Strike 0-2: Foul Ball, location: 2F 0-2: Ball 1-2: Ball 2-2: Ball 3-2: Foul Ball, location: 2F 3-2: Foul Ball, location: 2F 3-2: Base on Balls Won-jun Park to second
|
Batting: RHB Colin Lord
|
0-0: Ball 1-0: Foul Ball, location: 2F 1-1: Fly out, F7 (Line Drive, 7LS, EV 88.8 MPH)
|
Batting: SHB Paul Sandoval
|
0-0: Fly out, F8 (Flyball, 8RM, EV 70.0 MPH)
|
Top of the 7th over - 0 runs, 1 hit, 0 errors, 2 left on base; Louisville 1 - Oklahoma City 1 |
BOTTOM OF THE 7TH |
Oklahoma City Dodgers batting - Pitching for Louisville Bats : RHP Chris Galo
|
Batting: RHB Jeremy Giesler
|
0-0: Ball 1-0: SINGLE (Line Drive, 34D, EV 96.2 MPH)
|
Batting: RHB T.J. Jordan
|
0-0: Bunted foul 0-1: Ball 1-1: Ball 2-1: Bunted foul 2-2: Foul Ball, location: 2F 2-2: Fly out, F8 (Flyball, 8RM, EV 76.9 MPH)
|
Pitching: LHP Jerry Nero
|
|
Pinch Hitting: RHB Mike Zimmerly
|
0-0: Ball 1-0: SINGLE (Line Drive, 6D, EV 106.2 MPH) Jeremy Giesler to second Runner from 2nd tries for 3rd, SAFE, throw by LF made to third
|
Pitching: RHP Vladislav Prochazka
|
|
Pinch Hitting: LHB Chris Raymond
|
0-0: Ball Mike Zimmerly steals 2nd base (no throw) 1-0: Ground out 5-3 (Groundball, 56S, EV 74.4 MPH)
|
Batting: RHB Curt Earnest
|
0-0: Ball 1-0: Foul Ball, location: 2F 1-1: Ground out 6-3 (Groundball, 6, EV 85.6 MPH)
|
Bottom of the 7th over - 0 runs, 2 hits, 0 errors, 2 left on base; Louisville 1 - Oklahoma City 1 |
TOP OF THE 8TH |
Louisville Bats batting - Pitching for Oklahoma City Dodgers : RHP Jean-Michel Hamon
|
Now at SS: Chris Raymond
|
|
Now in RF: Tony Morales
|
|
Batting: RHB Bruno André
|
0-0: SINGLE (Groundball, 4MS, EV 70.0 MPH) (infield hit)
|
Pitching: LHP Billy Kline
|
|
Batting: RHB Fred Slade
|
0-0: Called Strike 0-1: Grounds into double play, 6-4-3 (Groundball, 6, EV 81.2 MPH)
|
Batting: RHB Mike Alm
|
0-0: Ball 1-0: Called Strike 1-1: Foul Ball, location: 2F 1-2: SINGLE (Groundball, 56D, EV 102.5 MPH)
|
Batting: SHB Freddie Farrar
|
0-0: 2-RUN HOME RUN (Flyball, 78XD, EV 104.4 MPH), Distance : 398 ft
|
Batting: RHB Won-jun Park
|
0-0: Ball 1-0: SINGLE (Flyball, 34D, EV 87.5 MPH)
|
Batting: RHB Danny Real
|
0-0: Ball 1-0: Ball 2-0: Foul Ball, location: 2F 2-1: SINGLE (Groundball, P, EV 81.2 MPH) (infield hit) Won-jun Park to second
|
Batting: RHB Pedro Pinero
|
0-0: Called Strike 0-1: Ground out 4-3 (Groundball, 4, EV 101.9 MPH)
|
Top of the 8th over - 2 runs, 5 hits, 0 errors, 2 left on base; Louisville 3 - Oklahoma City 1 |
BOTTOM OF THE 8TH |
Oklahoma City Dodgers batting - Pitching for Louisville Bats : RHP Vladislav Prochazka
|
Batting: RHB Theo Schepers
|
0-0: Ball 1-0: Ball 2-0: Ball 3-0: Base on Balls
|
Batting: LHB Jose Robles
|
0-0: Ball 1-0: Called Strike 1-1: Fielders Choice at 2nd, 5-4 (Groundball, 56, EV 78.1 MPH)
|
Batting: RHB Wing-kit Bu
|
0-0: Ground out U3 (Groundball, 34S, EV 69.4 MPH) Jose Robles to second
|
Batting: LHB Chris Fandino
|
0-0: 2-RUN HOME RUN (Line Drive, 9D, EV 96.2 MPH), Distance : 377 ft
|
Batting: RHB Jeremy Giesler
|
0-0: Ball 1-0: Swinging Strike 1-1: Swinging Strike 1-2: Ball 2-2: Ball 3-2: Base on Balls
|
Batting: RHB T.J. Jordan
|
0-0: Called Strike Jeremy Giesler steals 2nd base 0-1: Fly out, F3 (Popup, 3S, EV 68.1 MPH)
|
Bottom of the 8th over - 2 runs, 1 hit, 0 errors, 1 left on base; Louisville 3 - Oklahoma City 3 |
TOP OF THE 9TH |
Louisville Bats batting - Pitching for Oklahoma City Dodgers : LHP Billy Kline
|
Batting: RHB Colin Lord
|
0-0: Foul Ball, location: 2F 0-1: Ball 1-1: Called Strike 1-2: Ball 2-2: SINGLE (Groundball, 34D, EV 101.2 MPH)
|
Pitching: RHP Juan Hurtado
|
|
Batting: SHB Paul Sandoval
|
0-0: Bunted foul 0-1: Sac Bunt to 15 - play at first, batter OUT! 1-3 Colin Lord to second
|
Batting: RHB Bruno André
|
0-0: Called Strike 0-1: Foul Ball, location: 2F 0-2: Foul Ball, location: 2F 0-2: Ball 1-2: Foul Ball, location: 2F 1-2: Fly out, F9 (Flyball, 89S, EV 65.6 MPH)
|
Batting: RHB Fred Slade
|
0-0: Swinging Strike 0-1: Ball 1-1: Ball 2-1: Foul Ball, location: 2F 2-2: Ball 3-2: Foul Ball, location: 2F 3-2: Foul Ball, location: 2F 3-2: Strikes out swinging
|
Top of the 9th over - 0 runs, 1 hit, 0 errors, 1 left on base; Louisville 3 - Oklahoma City 3 |
BOTTOM OF THE 9TH |
Oklahoma City Dodgers batting - Pitching for Louisville Bats : RHP Vladislav Prochazka
|
Pitching: RHP Giovonni Morgia
|
|
Batting: LHB Tony Morales
|
0-0: Ball 1-0: Foul Ball, location: 2F 1-1: Foul Ball, location: 2F 1-2: Foul Ball, location: 2F 1-2: Ball 2-2: Ball 3-2: Ground out 3-1 (Groundball, 34S, EV 83.8 MPH)
|
Batting: LHB Chris Raymond
|
0-0: Called Strike 0-1: Ball 1-1: Ball 2-1: Ground out 4-3 (Groundball, 4, EV 86.2 MPH)
|
Batting: RHB Curt Earnest
|
0-0: Foul Ball, location: 2F 0-1: Foul Ball, location: 2F 0-2: Strikes out looking
|
Bottom of the 9th over - 0 runs, 0 hits, 0 errors, 0 left on base; Louisville 3 - Oklahoma City 3 |
TOP OF THE 10TH |
Louisville Bats batting - Pitching for Oklahoma City Dodgers : RHP Juan Hurtado
|
Batting: RHB Mike Alm
|
0-0: Ball 1-0: Foul Ball, location: 2F 1-1: Ball 2-1: Foul Ball, location: 2F 2-2: SINGLE (Line Drive, 6M, EV 96.9 MPH)
|
Batting: SHB Freddie Farrar
|
0-0: Swinging Strike 0-1: Swinging Strike 0-2: Strikes out swinging
|
Batting: RHB Won-jun Park
|
0-0: Called Strike 0-1: Called Strike 0-2: Ball 1-2: Ball 2-2: Ball 3-2: Base on Balls Mike Alm to second
|
Batting: RHB Danny Real
|
0-0: Ball Mike Alm steals 3rd base 1-0: Ball 2-0: Foul Ball, location: 2F 2-1: Swinging Strike 2-2: Ball Wild Pitch! Mike Alm scores Won-jun Park to second 3-2: Strikes out swinging
|
Batting: RHB Pedro Pinero
|
0-0: Called Strike 0-1: Foul Ball, location: 2F 0-2: Strikes out swinging
|
Top of the 10th over - 1 run, 1 hit, 0 errors, 1 left on base; Louisville 4 - Oklahoma City 3 |
BOTTOM OF THE 10TH |
Oklahoma City Dodgers batting - Pitching for Louisville Bats : RHP Giovonni Morgia
|
Pitching: RHP Robbie Delgado
|
|
Now in LF: Satoru Handa
|
|
Batting: RHB Theo Schepers
|
0-0: Called Strike 0-1: Ground out 6-3 (Groundball, 6S, EV 86.9 MPH)
|
Batting: LHB Jose Robles
|
0-0: Ball 1-0: Foul Ball, location: 2F 1-1: Swinging Strike 1-2: Ground out 4-3 (Groundball, 34, EV 106.9 MPH)
|
Batting: RHB Wing-kit Bu
|
0-0: Ball 1-0: Foul Ball, location: 2F 1-1: Ball 2-1: Foul Ball, location: 2F 2-2: Strikes out swinging
|
Bottom of the 10th over - 0 runs, 0 hits, 0 errors, 0 left on base; Louisville 4 - Oklahoma City 3 |
|